 Dungeon Crawl Stone Soup version 0.19-a0-747-g9c36c40 (webtiles) character file.

54782 Dorikus the Severer (level 14, -2/127 HPs)
             Began as a Hill Orc Fighter on June 24, 2016.
             Was the Champion of Okawaru.
             Slain by an ettin
             ... wielding a +0 great mace
              (22 damage)
             ... on level 1 of the Orcish Mines.
             The game lasted 03:01:01 (29471 turns).

Dorikus the Severer (Hill Orc Fighter)             Turns: 29471, Time: 03:01:01

Health: -2/127     AC: 28    Str: 19    XL:     14   Next: 74%
Magic:  0/18       EV:  7    Int:  6    God:    Okawaru [******]
Gold:   812        SH: 13    Dex: 14    Spells: 0 memorised, 13 levels left

rFire  + . .     SeeInvis +     E - +1 broad axe
rCold  + + +     Gourm    .     H - +1 plate armour
rNeg   . . .     Faith    .     c - +0 shield
rPois  .         Spirit   +     U - +2 helmet {SInv}
rElec  .         Dismiss  .     O - +1 cloak {rC+}
rCorr  .         Reflect  .     D - +1 pair of gloves {rC+}
SustAt .         Harm     .     (no boots)
MR     +++..                    y - amulet of guardian spirit
Stlth  ..........               k - ring of fire
                                A - ring of protection from magic

@: extremely resistant to hostile enchantments, extremely unstealthy
A: hooves 1, rough black scales 1, agile 1, cold resistance 2, dopey 1, low mp
1, magic resistance 1, screaming 1, weak 1
a: Heroism, Finesse, Renounce Religion, Convert to Beogh


You were on level 1 of the Orcish Mines.
You worshipped Okawaru.
Okawaru was exalted by your worship.
You were not hungry.

You visited 4 branches of the dungeon, and saw 21 of its levels.
You visited 1 bazaar.
You also visited: Ice Cave.

You collected 1160 gold pieces.
You spent 348 gold pieces at shops.

Inventory:

Hand Weapons
 g - a +0 morningstar
 i - the +6 battleaxe of Zetyak {holy, +Rage rF- rN+++}
   (Okawaru gifted it to you on level 14 of the Dungeon)

   It has been blessed by the Shining One to cause great damage to the undead
   and demons.
   It makes you vulnerable to fire.
   It renders you almost immune to negative energy.
   It lets you go berserk.
 E - a +1 broad axe (weapon)
 P - a +2 longbow of velocity
Missiles
 o - 94 bolts
 r - 604 arrows
Armour
 c - a +0 shield (worn)
 D - a +1 pair of gloves of cold resistance (worn)
 H - a +1 plate armour (worn)
 O - a +1 cloak of cold resistance (worn)
 U - a +2 helmet of see invisible (worn)
Jewellery
 e - an uncursed amulet of the gourmand
 k - a ring of fire (right hand)
 y - an amulet of guardian spirit (around neck)
 A - a ring of protection from magic (left hand)
 G - a +1 ring of slaying
 S - an uncursed ring of protection from cold
Wands
 a - a wand of random effects (34/48)
 d - a wand of polymorph (10/24)
 v - a wand of iceblast (4/15)
 z - a wand of lightning (3/15)
 I - a wand of digging (22/24)
 J - a wand of lightning (6/15)
 K - a wand of digging (20/24)
 Q - a wand of lightning (10/15)
 R - a wand of iceblast (4/15)
 T - a wand of lightning (6/15)
 X - a wand of acid (10/15)
Scrolls
 n - 2 scrolls of amnesia
 q - 14 scrolls of remove curse
 s - 7 scrolls of fog
 x - 5 scrolls of teleportation
 M - 6 scrolls of identify
 N - a scroll of fear
 W - 2 scrolls of holy word
Potions
 b - 3 potions of curing
 h - 5 potions of haste
 p - a potion of flight
 t - 6 potions of lignification
 C - a potion of magic
Miscellaneous
 F - a crystal ball of energy
 L - a phial of floods
Comestibles
 f - 13 bread rations
 j - 8 meat rations
 l - 10 slices of pizza


   Skills:
 * Level 12.6 Fighting
 * Level 16.1 Axes
 + Level 1.2(9.3) Maces & Flails
 * Level 6.8 Bows
 * Level 11.6 Armour
 + Level 3.0 Dodging
 * Level 12.2 Shields
 * Level 8.0 Invocations
 * Level 7.2 Evocations


You had 13 spell levels left.
You didn't know any spells.

Dungeon Overview and Level Annotations

Branches:
Dungeon (14/15)            Temple (1/1) D:7            Lair (4/6) D:10
 Shoals (0/4) Lair:2        Snake (0/4) Lair:3          Orc (2/2) D:9
 Vaults (0/5) D:14
    Elf: Orc:2

Altars:
Ashenzari
Cheibriados
Dithmenos
Elyvilon
Fedhas
Gozag
Hepliaklqana
Kikubaaqudgha
Makhleb
Nemelex Xobeh
Okawaru
Pakellas
Qazlal
Ru
Sif Muna
Trog
Uskayaw
Vehumet
Xom
Yredelemnul
Zin
The Shining One
Beogh
Lugonu

Shops:
D:10 ?}}   D:11 }

Annotations:
Lair:4 Arkorax's ghost, adept OgAs


Innate Abilities, Weirdness & Mutations

You have large cloven feet.
You are partially covered in rough black scales. (AC +4, Dex -1)
You are agile. (Dex +2)
Your flesh is very cold resistant. (rC++)
You are dopey. (Int -2)
Your magical capacity is low. (-10% MP)
You are resistant to hostile enchantments. (MR+)
You occasionally shout uncontrollably at your foes.
You are weak. (Str -2)


Message History

The deep elf mage casts a spell.
The deep elf mage blinks!
The ettin hits you with a great mace!!
* * * LOW HITPOINT WARNING * * *
The ettin hits you with a dire flail!!
* * * LOW HITPOINT WARNING * * *
You feel better.
The orc warrior hits you but does no damage.
You shout at the deep elf mage!
A deep elf mage comes into view. It is wielding a rapier.
Zapping:
I - a wand of digging (23/24)
Press: ? - help, Shift-Dir - straight line The rock shatters into small pieces.
This wand has 22 charges left.
The deep elf mage shouts!
The orc high priest shouts!
The orc high priest shouts, "Join the one true god or die!"
You block the ettin's attack. The ettin hits you but does no damage.
The orc warrior hits you but does no damage.
You slash the ettin! You kick the ettin, but do no damage.
The ettin is moderately wounded.
The ettin hits you with a great mace!!
You die...

... ...##..
....#ยง.. #.....oT
###.......
#########.........
#@Coh..eo.........
#########.#.......
##........
##.#.#... #.####..
##.##.#..
#.....C#.
##....... ##.#.##.


You could see an ettin, an orc high priest, a deep elf mage, a warg and an orc
warrior.

Vanquished Creatures
  Gastronok (D:9)
  A stone giant (Orc:2)
  Erolcha (D:8)
  Harold (Lair:2)
  The ghost of Etesian the Spear-Bearer, a journeyman CeFi of Okawaru (Lair:1)
  3 hydras
  2 vault guards (D:14)
  2 centaur warriors
  2 death yaks (Lair:3)
  An unseen horror (D:14)
  4 hill giants
  A wolf spider zombie (D:14)
  An orc knight (Orc:1)
  2 manticores
  A deep elf mage (D:12)
  A griffon (D:14)
  A necromancer (IceCv)
  6 ugly things
  2 cyclopes (D:13)
  A centaur zombie (D:12)
  Joseph (D:8)
  3 elephants (Lair:3)
  2 black mambas
  An ice statue (IceCv)
  Maurice (D:9)
  A torpor snail (Lair:3)
  9 spiny frogs
  2 centaur skeletons (D:14)
  3 kobold demonologists
  10 freezing wraiths (IceCv)
  4 komodo dragons
  An efreet (D:14)
  3 two-headed ogres
  2 trolls (D:10)
  12 blink frogs
  6 slime creatures
  A boulder beetle (Lair:3)
  Sigmund (D:6)
  3 vampires
  5 wraiths
  A wyvern (D:11)
  25 yaks
  Grum (D:8)
  A basilisk (Lair:2)
  3 hippogriffs
  2 death yak simulacra (IceCv)
  A naga (Lair:3)
  Edmund (D:5)
  A soldier ant (D:12)
  3 water moccasins
  A porcupine (Lair:1)
  15 ice beasts
  23 orc warriors
  6 sky beasts
  3 black bears
  3 phantoms
  A tengu (shapeshifter) (D:13)
  12 ogres
  11 wolves
  2 wasps
  10 centaurs
  4 crocodiles
  A big kobold (D:12)
  29 giant frogs
  8 scorpions
  3 killer bees (D:11)
  A wight (D:14)
  An electric eel (Lair:2)
  2 howler monkeys
  12 crimson imps
  2 giant frog skeletons (D:4)
  2 quasits
  3 jellies
  5 draconian simulacra (IceCv)
  6 hounds
  9 orc priests
  5 gnoll shamans
  20 orc wizards
  6 iguanas
  5 troll simulacra (IceCv)
  9 worker ants
  2 wolf simulacra (IceCv)
  11 sheep
  4 centaur simulacra (IceCv)
  A hound zombie (D:5)
  3 howler monkey zombies
  2 worker ant zombies
  13 gnolls
  16 adders
  3 naga simulacra (IceCv)
  3 ogre simulacra (IceCv)
  44 river rats
  4 shadow imps
  12 white imps (IceCv)
  An ooze (D:1)
  2 adder skeletons
  An adder zombie (D:7)
  5 worms
  A dart slug (D:1)
  5 giant geckos
  59 orcs
  4 giant cockroaches
  5 goblins
  6 hobgoblins
  23 jackals
  7 kobolds
  4 quokkas
  A ball python (D:3)
  9 bats
  A giant gecko skeleton (D:5)
  9 giant newts
  4 rats (D:2)
  3 fungi
  4 plants
637 creatures vanquished.

Vanquished Creatures (others)
  A human (D:2)
  2 hippogriffs (D:12)
  An orc warrior (D:12)
  A sky beast (D:5)
  6 centaurs (D:12)
  An orc priest (D:12)
  A jelly (D:14)
  2 shadow imps
  An adder skeleton (D:5)
  2 orcs (D:12)
  7 fungi
  10 plants
35 creatures vanquished.

Grand Total: 672 creatures vanquished

Notes
Turn   | Place    | Note
--------------------------------------------------------------
     0 | D:1      | Dorikus the Hill Orc Fighter began the quest for the Orb.
     0 | D:1      | Reached XP level 1. HP: 19/19 MP: 1/1
   165 | D:1      | Reached XP level 2. HP: 19/27 MP: 2/2
   666 | D:1      | Found a snail-covered altar of Cheibriados.
   787 | D:1      | Reached XP level 3. HP: 33/33 MP: 3/3
   841 | D:1      | Reached skill level 3 in Axes
  1470 | D:2      | You fall through a shaft!
  1721 | D:2      | Found an oddly glowing altar of Pakellas.
  1721 | D:2      | Noticed a human
  1730 | D:2      | Killed a human
  1731 | D:2      | Noticed a toenail golem
  1783 | D:2      | Reached XP level 4. HP: 40/40 MP: 4/4
  2485 | D:3      | Reached skill level 4 in Axes
  2509 | D:3      | Reached XP level 5. HP: 39/46 MP: 5/5
  2818 | D:3      | Found a glowing golden altar of the Shining One.
  2818 | D:3      | Found a white marble altar of Elyvilon.
  2818 | D:3      | Found an opulent altar of Gozag.
  2957 | D:4      | Reached skill level 5 in Shields
  3160 | D:4      | Reached XP level 6. HP: 51/52 MP: 6/6
  3225 | D:4      | Noticed a phantom
  3294 | D:4      | Reached skill level 1 in Dodging
  3311 | D:4      | Killed a phantom
  3311 | D:4      | Reached skill level 5 in Axes
  3315 | D:4      | Reached skill level 5 in Armour
  3315 | D:4      | Reached XP level 7. HP: 21/60 MP: 7/7
  3613 | D:4      | Found a blossoming altar of Fedhas.
  3682 | D:4      | Found a radiant altar of Vehumet.
  4090 | D:5      | Entered Level 5 of the Dungeon
  4099 | D:5      | Reached skill level 5 in Fighting
  4143 | D:5      | Reached skill level 6 in Axes
  4322 | D:5      | Reached XP level 8. HP: 53/68 MP: 8/8
  4353 | D:5      | HP: 3/68 [ogre/giant club (13)]
  5157 | D:5      | Reached skill level 7 in Axes
  5212 | D:5      | Noticed Edmund
  5244 | D:5      | Killed Edmund
  5244 | D:5      | Reached skill level 1 in Bows
  5986 | D:6      | Reached XP level 9. HP: 59/75 MP: 9/9
  6176 | D:6      | Reached skill level 8 in Axes
  6303 | D:6      | Noticed Sigmund
  6319 | D:6      | Killed Sigmund
  6602 | D:6      | Gained mutation: You are partially covered in molten scales. (AC +1) [mutagenic meat]
  6603 | D:6      | Gained mutation: You have large cloven feet. [mutagenic meat]
  6604 | D:6      | Gained mutation: You are resistant to hostile enchantments. (MR+) [mutagenic meat]
  6605 | D:6      | Gained mutation: You are frail. (-10% HP) [mutagenic meat]
  6941 | D:7      | Gained mutation: You are partially covered in rough black scales. (AC +4, Dex -1) [potion of mutation]
  6941 | D:7      | Lost mutation: You are frail. (-10% HP) [potion of mutation]
  6993 | D:7      | Reached skill level 9 in Axes
  7196 | D:7      | Reached skill level 1 in Evocations
  7325 | D:7      | Found a staircase to the Ecumenical Temple.
  7332 | Temple   | Entered the Ecumenical Temple
  7428 | Temple   | Became a worshipper of Warmaster Okawaru
  8042 | D:7      | Reached XP level 10. HP: 82/86 MP: 11/11
  8435 | D:8      | Reached * piety under Okawaru
  8541 | D:8      | Noticed Erolcha
  8549 | D:8      | Reached skill level 10 in Axes
  8560 | D:8      | Killed Erolcha
  8560 | D:8      | Reached ** piety under Okawaru
  8640 | D:8      | Noticed Grum
  8659 | D:8      | Noticed Joseph
  8678 | D:8      | Killed Grum
  8728 | D:8      | Killed Joseph
  9083 | D:8      | Reached *** piety under Okawaru
  9552 | D:9      | Reached skill level 11 in Axes
  9585 | D:8      | Reached XP level 11. HP: 41/95 MP: 13/13
  9870 | D:9      | Reached skill level 1 in Invocations
  9952 | D:9      | Found a roughly hewn altar of Beogh.
  9952 | D:9      | Found a staircase to the Orcish Mines.
 10458 | D:9      | Noticed Gastronok
 10481 | D:9      | Noticed a hill giant
 10735 | D:8      | Killed a hill giant
 10735 | D:8      | Reached **** piety under Okawaru
 11176 | D:9      | Noticed Maurice
 11209 | D:9      | Killed Maurice
 11544 | D:9      | Killed Gastronok
 11544 | D:9      | Received a gift from Okawaru
 11544 | D:9      | Reached skill level 12 in Axes
 11544 | D:9      | Reached skill level 10 in Shields
 11763 | D:10     | Entered Level 10 of the Dungeon
 11795 | D:10     | Found a staircase to the Lair.
 11809 | D:10     | Gained mutation: Your flesh is cold resistant. (rC+) [potion of beneficial mutation]
 11944 | D:10     | Noticed a hill giant
 11964 | D:10     | Killed a hill giant
 11964 | D:10     | Reached ***** piety under Okawaru
 11964 | D:10     | Received a gift from Okawaru
 12130 | D:10     | Found Tishouron's Gadget Boutique.
 12314 | D:10     | Found Cioruyqa's Gadget Emporium.
 12640 | D:10     | Found a corrupted altar of Lugonu.
 12902 | D:10     | Received a gift from Okawaru
 12922 | D:10     | Reached XP level 12. HP: 106/106 MP: 15/15
 12956 | D:10     | Found Gapsaofe's Magic Scroll Shoppe.
 12959 | D:10     | Bought a scroll of enchant armour for 112 gold pieces
 13175 | Lair:1   | Entered Level 1 of the Lair of Beasts
 13412 | Lair:1   | Noticed Etesian's ghost (journeyman CeFi)
 13455 | Lair:1   | Killed Etesian's ghost
 13455 | Lair:1   | Reached skill level 10 in Fighting
 14195 | Lair:1   | Reached skill level 13 in Axes
 15137 | Lair:1   | Received a gift from Okawaru
 15265 | Lair:2   | Noticed Harold
 15305 | Lair:1   | Reached skill level 5 in Evocations
 15671 | Lair:2   | Killed Harold
 15671 | Lair:2   | Received a gift from Okawaru
 15672 | Lair:2   | Got a shimmering hunting sling {god gift}
 15695 | Lair:2   | Gained mutation: Your flesh is very cold resistant. (rC++) [potion of beneficial mutation]
 15734 | Lair:2   | Reached skill level 5 in Invocations
 15821 | Lair:2   | Reached skill level 5 in Bows
 15822 | Lair:2   | Noticed a five-headed hydra
 15839 | Lair:2   | Killed a five-headed hydra
 15839 | Lair:2   | Reached skill level 10 in Armour
 16313 | Lair:2   | Found a staircase to the Shoals.
 16933 | Lair:3   | Received a gift from Okawaru
 16933 | Lair:3   | Reached XP level 13. HP: 100/115 MP: 17/17
 17378 | Lair:3   | Reached skill level 14 in Axes
 17628 | Lair:3   | Received a gift from Okawaru
 17654 | Lair:3   | Found a staircase to the Snake Pit.
 17894 | Lair:3   | Lost mutation: You are partially covered in molten scales. (AC +1) [potion of mutation]
 17894 | Lair:3   | Gained mutation: You are weak. (Str -2) [potion of mutation]
 17918 | Lair:3   | Reached ****** piety under Okawaru
 18371 | Lair:3   | Received a gift from Okawaru
 18810 | Lair:4   | Noticed Arkorax's ghost (adept OgAs)
 19606 | Lair:4   | Reached skill level 1 in Maces & Flails
 19888 | D:11     | Found Jepsuwet's Gadget Shop.
 20938 | D:12     | Found a flickering gateway to a bazaar.
 20947 | Bazaar   | Entered a bazaar
 20947 | Bazaar   | Found Paphost's General Store.
 20947 | Bazaar   | Found Ughiunec's Distillery.
 20947 | Bazaar   | Found Buhaox's Armour Emporium.
 20967 | Bazaar   | Bought a +2 helmet of see invisible for 236 gold pieces
 21379 | D:12     | Received a gift from Okawaru
 21939 | D:12     | Received a gift from Okawaru
 22007 | D:12     | Reached skill level 15 in Axes
 22649 | D:13     | Found a frozen archway.
 22660 | IceCv    | Entered an ice cave
 23171 | IceCv    | Found an ancient bone altar of Kikubaaqudgha.
 23184 | IceCv    | Reached XP level 14. HP: 118/125 MP: 19/19
 24911 | D:13     | Gained mutation: You occasionally shout uncontrollably at your foes. [mutagenic meat]
 24912 | D:13     | Gained mutation: You are dopey. (Int -2) [mutagenic meat]
 24913 | D:13     | Gained mutation: Your magical capacity is low. (-10% MP) [mutagenic meat]
 25195 | D:14     | Received a gift from Okawaru
 25196 | D:14     | Got a smoking battleaxe {god gift}
 25202 | D:14     | Identified the +6 battleaxe of Zetyak {holy, +Rage rF- rN+++} (Okawaru gifted it to you on level 14 of the Dungeon)
 25413 | D:14     | Found an opulent altar of Gozag.
 25421 | D:14     | Found a blossoming altar of Fedhas.
 25993 | D:14     | Gained mutation: You are agile. (Dex +2) [mutagenic meat]
 26192 | D:14     | Found a gate to the Vaults.
 26474 | D:14     | Received a gift from Okawaru
 27236 | Lair:1   | Reached skill level 16 in Axes
 27902 | Orc:1    | Entered Level 1 of the Orcish Mines
 28430 | Orc:2    | Entered Level 2 of the Orcish Mines
 28431 | Orc:2    | Noticed a stone giant
 28670 | Orc:2    | Killed a stone giant
 28907 | Orc:2    | Noticed an orc warlord
 29461 | Orc:1    | HP: 6/127 [ettin/great mace (13)]
 29471 | Orc:1    | Slain by an ettin

Vault maps used:
D:1:      dpeg_arrival_chambers_temple_mockup, cheibriados_altar_1
D:2:      roderic_bali_sauvastika, minmay_item_behind_shaft,
          gammafunk_pakellas_its_alive
D:3:      gammafunk_temple_overflow_forgotten
D:4:      marbit_many_paths, kennysheep_mini_moat
D:5:      first_bread, lemuel_old_faithful, uniq_edmund
D:6:      st_stairs_9, uniq_sigmund
D:7:      grunt_ministairs_8
D:8:      uniq_erolcha, uniq_joseph, uniq_grum
D:9:      david_orc_5, uniq_gastronok, uniq_maurice
D:10:     kennysheep_kobold_lugonu_temple, lair_0_dummy, serial_shops, shop,
          nicolae_shop_window_shopping, shop
D:11:     serial_shops, shop, grunt_pizzeria
D:12:     kennysheep_seaside_town, serial_shops, freezing_bzr, hex_medium
D:13:     portal_ice_cave_entry_pillars_1
D:14:     lightli_vaults_fourway_checkpoint, basic_altar, fedhas_altar_1
Temple:   minmay_temple_bridge_d
Lair:2:   elwin_shoals_entry_rooms, grunt_megastairs_5, uniq_harold
Lair:3:   guppyfry_snake_entry_island
Orc:1:    basic_altar, serial_shops, shop, elves_outpost_lemuel
Orc:2:    grunt_orc_cross, basic_altar, uniq_saint_roka
Bazaar:   bazaar_minmay_row
IceCv:    ice_cave_small_necro

Skill      XL: |  1  2  3  4  5  6  7  8  9 10 11 12 13 14 |
---------------+-------------------------------------------+-----
Axes           | 3 4 5 6 7 9 11 12 13 15 16 | 16.1
Shields        | 4 5 6 7 8 9 10 11 12 | 12.2
Fighting       | 4 5 6 7 8 9 10 11 12 | 12.6
Armour         | 4 5 6 7 8 9 10 11 | 11.6
Dodging        | 1 2 3 |  3.0
Bows           | 1 2 3 4 5 6 |  6.8
Evocations     | 1 3 4 5 6 7 |  7.2
Invocations    | 4 5 7 8 |  8.0
Maces & Flails | 1 |  1.2

Action                   |  1- 3 |  4- 6 |  7- 9 | 10-12 | 13-15 || total
-------------------------+-------+-------+-------+-------+-------++-------
Melee: War axe           |   133 |   196 |   474 |   668 |       ||  1471
       Kick              |       |       |    39 |   308 |   445 ||   792
       Broad axe         |       |       |       |   339 |  1039 ||  1378
       Morningstar       |       |       |       |    13 |    27 ||    40
       Battleaxe         |       |       |       |       |   202 ||   202
Invok: Heroism           |       |       |       |     2 |       ||     2
Evoke: Wand              |       |       |       |       |     2 ||     2
  Use: Scroll            |     7 |     2 |    12 |    11 |    16 ||    48
       Potion            |       |     1 |     4 |    13 |     6 ||    24
  Eat: Chunk             |     3 |     5 |    18 |    40 |    27 ||    93
       Royal jelly       |       |       |     1 |       |       ||     1
       Beef jerky        |       |       |       |       |     5 ||     5
       Pizza             |       |       |       |       |     2 ||     2
Armor: Scale mail        |    19 |       |       |       |       ||    19
       Chain mail        |    54 |    98 |   197 |       |       ||   349
       Plate armour      |       |       |    13 |   569 |   731 ||  1313
Dodge: Dodged            |    30 |    32 |   103 |   213 |   304 ||   682
Block: Shield            |    69 |    87 |   224 |   536 |   593 ||  1509
